 Dungeon Sprint DCSS version 0.24-a0-378-g94936e539c (webtiles) character file.

Game seed: 9546350068036860204

2876 Freyura the Slicer (level 9, 0/75 HPs)
             Began as a Vampire Gladiator on June 1, 2019.
             Was an Elder of Makhleb.
             Slain by an eight-headed hydra (2 damage)
             ... in the Dungeon (Sprint IX: "|||||||||||||||||||||||||||||").
             The game lasted 00:05:43 (723 turns).

Freyura the Slicer (Vampire Gladiator)               Turns: 723, Time: 00:05:43

Health: 0/75       AC:  6    Str: 13    XL:     9   Next: 48%
Magic:  14/14      EV: 31    Int: 10    God:    Makhleb [****..]
Gold:   0          SH:  0    Dex: 27    Spells: 8/8 levels left

rFire    . . .     SeeInvis +   o - +2 rapier (drain)
rCold    . . .     Gourm    .   (no shield)
rNeg     + . .     Faith    .   b - +0 leather armour
rPois    .         Spirit   .   c - +0 helmet
rElec    .         Reflect  .   (no cloak)
rCorr    .         Harm     .   p - +0 pair of gloves
MR       .....     NoTele   +   (no boots)
Stlth    +++.......             (no amulet)
HPRegen  0.22/turn              q - +2 ring of evasion
MPRegen  0.14/turn              r - +3 ring of dexterity

@: agile
A: fangs 3, see invisible, unbreathing
a: Bat Form, Minor Destruction, Lesser Servant of Makhleb, Major Destruction,
Renounce Religion


You were in the Dungeon.
You worshipped Makhleb.
Makhleb was greatly pleased with you.
You were not thirsty.

You visited 1 branch

Inventory:

Hand Weapons
 o - a +2 rapier of draining (weapon)
Armour
 b - a +0 leather armour (worn)
 c - a +0 helmet (worn)
 p - a +0 pair of gloves (worn)
Jewellery
 q - a +2 ring of evasion (left hand)
 r - a +3 ring of dexterity (right hand)
Wands
 n - a wand of iceblast (10)
Scrolls
 k - 5 scrolls of blinking
 l - 4 scrolls of remove curse
 m - 2 scrolls of amnesia
 t - 2 scrolls of enchant armour
 u - a scroll of fear
Potions
 a - a potion of brilliance
 e - a potion of blood
 f - 6 potions of curing
 g - a potion of invisibility
 h - a potion of haste
 i - 4 potions of magic
 j - 2 potions of heal wounds
 s - a potion of might


   Skills:
 + Level 8.6 Fighting
 - Level 14.0 Short Blades
 - Level 3.0 Throwing
 + Level 6.9 Armour
 + Level 11.4 Dodging
 + Level 7.1 Invocations


You had 8 spell levels left.
You didn't know any spells.
Your spell library was empty.

Dungeon Overview and Level Annotations

Branches:
Dungeon (1/1)

Altars:
Cheibriados
Dithmenos
Elyvilon
Fedhas
Gozag
Hepliaklqana
Kikubaaqudgha
Makhleb
Nemelex Xobeh
Okawaru
Qazlal
Ru
Sif Muna
Trog
Uskayaw
Vehumet
Wu Jian
Xom
Yredelemnul
Zin
The Shining One
Beogh
Jiyva
Lugonu


Innate Abilities, Weirdness & Mutations

You have razor-sharp teeth.
You have supernaturally acute eyesight. (SInv)
You can survive without breathing.


Message History

The eight-headed hydra completely misses you.
The eight-headed hydra bites you!
* * * LOW HITPOINT WARNING * * *
The eight-headed hydra closely misses you.
The eight-headed hydra misses you.
The eight-headed hydra closely misses you.
The eight-headed hydra bites you.
* * * LOW HITPOINT WARNING * * *
The eight-headed hydra misses you.
The eight-headed hydra completely misses you.
You feel agile all of a sudden. The eight-headed hydra bites you.
* * * LOW HITPOINT WARNING * * *
The eight-headed hydra bites you.
* * * LOW HITPOINT WARNING * * *
The eight-headed hydra bites you.
* * * LOW HITPOINT WARNING * * *
The eight-headed hydra completely misses you.
The eight-headed hydra bites you.
You die...

▓▓▓▓▓▓▓▓▓▓▓▓▓▓▓▓▓▓▓▓▓▓▓▓
..'.....[|).....@DtlrFk.
▓▓▓▓▓▓▓▓▓▓▓▓▓▓▓▓▓▓▓▓▓▓▓▓▓▓▓▓▓▓▓▓▓
.................................
▓▓▓▓▓▓▓▓▓▓▓▓▓▓▓▓▓▓▓▓▓▓▓▓▓▓▓▓▓▓▓▓▓
)....'†....'_____________________
▓▓▓▓▓▓▓▓▓▓▓▓▓▓▓▓▓▓▓▓▓▓▓▓▓▓▓▓▓▓▓▓▓


You could see an eight-headed hydra, a spiny frog, a basilisk, a rime drake, a
crocodile and a porcupine.

Vanquished Creatures
  A centaur warrior (D)
  A two-headed ogre (D)
  An unseen horror (D)
  2 hippogriffs (D)
  A yak (D)
  An orc warrior (D)
  A sky beast (D)
  An eye of draining (D)
  A black bear (D)
  2 scorpions (D)
  A killer bee (D)
  A howler monkey (D)
  A worker ant (D)
  A gnoll (D)
  2 adders (D)
  An adder zombie (D)
  A goblin (D)
  A ball python (D)
  A bat (D)
  A jackal skeleton (D)
  A kobold (D)
  A rat (D)
25 creatures vanquished.

Notes
Turn   | Place    | Note
-------+----------+-------------------------------------------
     0 | D        | Freyura the Vampire Gladiator began the quest for the Orb.
     0 | D        | Reached XP level 1. HP: 16/16 MP: 1/1
    13 | D        | Reached skill level 4 in Short Blades
    22 | D        | Noticed a sky beast
    22 | D        | Noticed a scorpion
    22 | D        | Noticed a howler monkey
    29 | D        | Reached XP level 2. HP: 18/22 MP: 2/2
    47 | D        | Killed a sky beast
    47 | D        | Reached skill level 7 in Short Blades
    47 | D        | Reached skill level 1 in Armour
    47 | D        | Reached XP level 3. HP: 29/29 MP: 3/3
    47 | D        | Reached XP level 4. HP: 35/35 MP: 4/4
    53 | D        | Reached skill level 8 in Short Blades
    53 | D        | Reached XP level 5. HP: 26/42 MP: 5/5
   251 | D        | Found a roughly hewn altar of Beogh.
   251 | D        | Found a snail-covered altar of Cheibriados.
   251 | D        | Found a shadowy altar of Dithmenos.
   251 | D        | Found a white marble altar of Elyvilon.
   251 | D        | Found a blossoming altar of Fedhas.
   251 | D        | Found an opulent altar of Gozag.
   252 | D        | Found a hazy altar of Hepliaklqana.
   253 | D        | Found a viscous altar of Jiyva.
   254 | D        | Found an ancient bone altar of Kikubaaqudgha.
   255 | D        | Found a corrupted altar of Lugonu.
   256 | D        | Found a burning altar of Makhleb.
   257 | D        | Found a sparkling altar of Nemelex Xobeh.
   258 | D        | Found an iron altar of Okawaru.
   259 | D        | Found a stormy altar of Qazlal.
   260 | D        | Found a sacrificial altar of Ru.
   261 | D        | Found a deep blue altar of Sif Muna.
   262 | D        | Found a bloodstained altar of Trog.
   263 | D        | Found a hide-covered altar of Uskayaw.
   264 | D        | Became a worshipper of Makhleb the Destroyer
   265 | D        | Found a radiant altar of Vehumet.
   266 | D        | Found an ornate altar of the Wu Jian Council.
   267 | D        | Found a shimmering altar of Xom.
   268 | D        | Found a basalt altar of Yredelemnul.
   269 | D        | Found a glowing silver altar of Zin.
   270 | D        | Found a glowing golden altar of the Shining One.
   314 | D        | Reached skill level 9 in Short Blades
   323 | D        | Reached * piety under Makhleb
   323 | D        | Reached skill level 1 in Invocations
   332 | D        | Reached XP level 6. HP: 35/49 MP: 5/7
   340 | D        | Reached ** piety under Makhleb
   372 | D        | Noticed an orc warrior
   372 | D        | Noticed a two-headed ogre
   372 | D        | Noticed a centaur warrior
   372 | D        | Noticed an unseen horror
   381 | D        | Reached skill level 5 in Fighting
   381 | D        | Reached skill level 10 in Short Blades
   388 | D        | Killed a two-headed ogre
   388 | D        | Reached skill level 12 in Short Blades
   388 | D        | Reached XP level 7. HP: 59/59 MP: 1/10
   388 | D        | Reached XP level 8. HP: 65/65 MP: 1/11
   397 | D        | Killed a centaur warrior
   397 | D        | Reached skill level 13 in Short Blades
   397 | D        | Reached skill level 5 in Armour
   397 | D        | Reached skill level 10 in Dodging
   397 | D        | Reached skill level 5 in Invocations
   408 | D        | Reached *** piety under Makhleb
   416 | D        | Killed an unseen horror
   416 | D        | Reached XP level 9. HP: 40/74 MP: 3/13
   689 | D        | Noticed an eight-headed hydra
   695 | D        | Reached skill level 14 in Short Blades
   704 | D        | Reached **** piety under Makhleb
   705 | D        | Noticed a spiny frog
   707 | D        | Noticed a rime drake
   723 | D        | HP: 2/75 [eight-headed hydra (4)]
   723 | D        | Slain by an eight-headed hydra

Levels and vault maps discovered:
D:        linesprint [early_d, line_temple, items_1, d_10, items_2, lair_1,
          lair_end, items_3, orc_1, orc_end, items_4, d_15, swamp_1, shoals_1,
          snake_1, spider_1, d_20, vaults_1, items_5, swamp_end, shoals_end,
          snake_end, spider_end, vaults_end, d_27, items_6, zot_1, zot_end,
          crypt_end, forest_end, elf_end, slime_end, tomb_end, abyss_end,
          pan_hell_end]

Skill      XL: |  1  2  3  4  5  6  7  8  9 |
---------------+----------------------------+-----
Fighting       | 2 3 4 6 8 |  8.6
Short Blades   | 4 7 8 9 12 13 14 | 14.0
Throwing       | 2 3 |  3.0
Dodging        | 4 6 7 8 9 10 11 | 11.4
Armour         | 1 2 4 6 |  6.9
Invocations    | 1 4 6 7 |  7.1

Action                   |  1- 3 |  4- 6 |  7- 9 || total
-------------------------+-------+-------+-------++-------
Melee: Rapier            |    32 |    55 |    62 ||   149
       Bite              |     2 |     6 |    12 ||    20
Throw: Throwing net      |       |     2 |     1 ||     3
  Use: Potion            |     2 |       |     3 ||     5
 Stab: Held in net/web   |       |     3 |       ||     3
Armor: Leather armour    |     4 |     3 |     7 ||    14
Dodge: Dodged            |    23 |    24 |    57 ||   104

Table legend:
 A = Non-vault XP
 B = Vault XP
 C = Vault XP percentage of total XP
 D = Non-vault monster count
 E = Vault monster count
 F = Vault count percentage of total count
                 A         B        C        D         E       F
            +---------+---------+-------+---------+---------+-------
      Total |       0 |    4109 | 100.0 |       0 |      25 | 100.0
            +---------+---------+-------+---------+---------+-------
          D |       0 |    4109 | 100.0 |       0 |      25 | 100.0
            +---------+---------+-------+---------+---------+-------
